 Dungeon Crawl Stone Soup version 0.28.0 (webtiles) character file.

Game seed: 7489967361348555027

679 HallandMoats the Chopper (level 7, -1/61 HPs)
             Began as a Minotaur Monk on Feb 7, 2022.
             Was a Believer of Cheibriados.
             Slain by an orc wizard (2 damage)
             ... on level 6 of the Dungeon.
             The game lasted 00:06:15 (4489 turns).

HallandMoats the Chopper (Minotaur Monk)            Turns: 4489, Time: 00:06:15

Health: -1/61      AC:  5    Str: 21    XL:     7   Next: 34%
Magic:  8/8        EV: 14    Int: 12    God:    Cheibriados [**....]
Gold:   191        SH:  0    Dex: 19    Spells: 6/6 levels left

rFire   . . .      SeeInvis .   a - +0 hand axe
rCold   . . .      Faith    .   (no shield)
rNeg    . . .      Spirit   .   k - +0 ring mail
rPois   .          Reflect  .   (helmet restricted)
rElec   .          Harm     .   h - scarf {shadows}
rCorr   .          Rampage  .   (no gloves)
Will    .....                   (no boots)
Stlth   +.........              (no amulet)
HPRegen 0.20/turn               (no ring)
MPRegen 0.11/turn               (no ring)

@: lethally poisoned (-1 -> -10), attractive, flying, very slow
A: horns 2, retaliatory headbutt
a: Renounce Religion, Bend Time


You were on level 6 of the Dungeon.
You worshipped Cheibriados.
Cheibriados was pleased with you.
You visited 2 branches of the dungeon, and saw 7 of its levels.

You collected 191 gold pieces.

Inventory:

Hand Weapons
 a - a +0 hand axe (weapon)
Armour
 g - a +0 cloak
 h - a scarf of shadows (worn)
 k - a +0 ring mail (worn)
Jewellery
 c - a ring of wizardry
Wands
 s - a wand of iceblast (2)
Scrolls
 d - a scroll of summoning {unknown}
 i - a scroll of torment {unknown}
 j - 2 scrolls of magic mapping {unknown}
 o - a scroll of enchant weapon {unknown}
 q - a scroll of fog {unknown}
 r - a scroll of enchant armour {unknown}
 t - a scroll of identify {unknown}
 u - a scroll of fear {unknown}
Potions
 e - a potion of flight
 l - a potion of ambrosia
 m - a potion of curing {unknown}
 n - a potion of mutation {unknown}
 p - a potion of might {unknown}


   Skills:
 + Level 5.5 Fighting
 + Level 5.6 Axes
 + Level 4.0 Armour
 + Level 5.1 Dodging
 - Level 1.5 Stealth
 + Level 3.4 Invocations


You had 6 spell levels left.
You didn't know any spells.
Your spell library was empty.

Dungeon Overview and Level Annotations

Branches:
Dungeon (7/15)             Temple (1/1) D:4

Altars:
Cheibriados
Dithmenos
Elyvilon
Fedhas
Kikubaaqudgha
Makhleb
Okawaru
Trog
Vehumet
Xom

Shops:
D:2 [


Innate Abilities, Weirdness & Mutations

You have a pair of horns on your head.
You reflexively headbutt those who attack you in melee.


Message History

The orc wizard is almost dead.
You closely miss something.
You feel sick. Something barely misses you. The orc wizard barely misses you.
You closely miss the orc wizard. Your headbutt misses the orc wizard.
The orc wizard is almost dead.
You miss something. Something hits you. The orc wizard casts a spell at you.
The puff of flame hits you!
* * * LOW HITPOINT WARNING * * *
You feel sick. Something hits you.
* * * LOW HITPOINT WARNING * * *
You are more poisoned.
The orc wizard hits you but does no damage.
You hear some strange, mumbled words.
Something tries to affect you, but you resist.
You feel very sick.
You feel sick.
An orc wizard appears from thin air!
Reactivating autopickup.
The orc wizard casts a spell.
The orc wizard flickers and vanishes!
Deactivating autopickup; reactivate with Ctrl-A.
You barely miss something.
You feel less confused.
You feel sick. Something hits you but does no damage.
You are lethally poisoned!
You hit the orc wizard.
You kill the orc wizard!
Cheibriados appreciates the change of pace.
You miss something.
* * * LOW HITPOINT WARNING * * *
You feel sick.
You hear some strange, mumbled words.
A puff of flame appears from out of thin air!
The puff of flame hits you.
* * * LOW HITPOINT WARNING * * *
It was a potion of attraction.
You feel attractive to monsters.
* * * LOW HITPOINT WARNING * * *
You feel sick. Something hits you.
You die...

#.......######
#.......#
#.......#
#.......#
#.......#
#.......#
#.......#
#.......# ≈
#......@# P≈
#.....{)# P≈≈
#.......#≈≈♣♣
#####...P.≈≈≈
##).P≈♣♣♣
#))≈≈≈≈P
#.≈P≈♣PP
#.≈≈≈≈PP
#..≈♣≈..


There were no monsters in sight!

Vanquished Creatures
  Sigmund (D:2)
  A centaur (D:3)
  2 scorpions (D:7)
  An iguana (D:6)
  3 orc wizards (D:6)
  2 killer bee zombies
  A hound skeleton (D:4)
  4 gnolls
  2 adders
  An ufetubus (D:4)
  An adder skeleton (D:4)
  A worm (D:2)
  3 dart slugs (D:1)
  2 orcs (D:6)
  9 ball pythons
  7 endoplasms
  A giant cockroach (D:3)
  10 hobgoblins
  11 jackals
  8 bats
  4 frilled lizards
  6 goblins
  7 kobolds
  7 rats
95 creatures vanquished.

Vanquished Creatures (others)
  7 plants (D:6)
7 creatures vanquished.

Grand Total: 102 creatures vanquished

Notes
Turn   | Place    | Note
-------+----------+-------------------------------------------
     0 | D:1      | HallandMoats the Minotaur Monk began the quest for the Orb.
     0 | D:1      | Reached XP level 1. HP: 19/19 MP: 0/0
   221 | D:1      | Reached XP level 2. HP: 27/27 MP: 1/1
   294 | D:1      | Reached skill level 1 in Armour
   490 | D:1      | Reached skill level 1 in Invocations
   617 | D:1      | Reached XP level 3. HP: 31/33 MP: 2/2
   830 | D:2      | Noticed Sigmund
   842 | D:2      | Killed Sigmund
   843 | D:2      | Reached XP level 4. HP: 25/41 MP: 2/4
   843 | D:2      | Reached XP level 5. HP: 29/47 MP: 2/5
  1492 | D:2      | Found Hipotwea's Antique Armour Emporium.
  1743 | D:3      | Noticed a centaur
  2228 | D:3      | Killed a centaur
  2229 | D:3      | Reached XP level 6. HP: 32/55 MP: 6/6
  2411 | D:3      | Reached skill level 5 in Axes
  2550 | D:3      | Reached skill level 5 in Fighting
  3327 | D:3      | Found a faded altar of an unknown god.
  3614 | D:4      | Found a staircase to the Ecumenical Temple.
  3628 | Temple   | Entered the Ecumenical Temple
  3717 | Temple   | Became a worshipper of Cheibriados the Contemplative
  3717 | Temple   | Reached * piety under Cheibriados
  3717 | Temple   | Reached ** piety under Cheibriados
  3811 | D:4      | You fall into a shaft and drop 3 floors!
  3911 | D:7      | Reached XP level 7. HP: 13/61 MP: 8/8
  3921 | D:7      | HP: 3/61 [poisoned by a scorpion]
  4371 | D:6      | Reached skill level 5 in Dodging
  4488 | D:6      | HP: 3/61 [something/puff of flame (5)]
  4489 | D:6      | HP: 1/61 [poisoned by an orc wizard]
  4489 | D:6      | Slain by an orc wizard

Illustrated notes

Levels and vault maps discovered:
D:1:      amcnicky_arrival_blooded_trapdoor, layout_rooms, grunt_decor_cap
D:2:      layout_loops_ring, serial_shops,
          nicolae_shop_competitors_out_of_business, uniq_sigmund
D:3:      layout_rooms, basic_ecumenical_altar, grunt_ministairs_9,
          chequers_serial_rivers_micro_b, minmay_quantized
D:4:      layout_loops_ring, minmay_temple_entry_ruins, kennysheep_minor_cross,
          uniq_eustachio, uniq_blork_the_orc, uniq_natasha
D:6:      layout_basic, nicolae_overflows_in_rows, nrook_mini_backslash,
          serial_bayou_lagoon_a
D:7:      layout_basic, hangedman_abyss_or_decor_lesser_grid,
          lemuel_another_geyser
Temple:   eino_wide_crystal_templ

Skill      XL: |  1  2  3  4  5  6  7 |
---------------+----------------------+-----
Armour         | 1 2 3 4 |  4.0
Axes           | 4 5 |  5.6
Invocations    | 1 2 3 |  3.4
Fighting       | 4 5 |  5.5
Dodging        | 4 5 |  5.1
Stealth        | |  1.5

Action                   |  1- 3 |  4- 6 |  7- 9 || total
-------------------------+-------+-------+-------++-------
Melee: Hand axe          |    55 |   140 |    32 ||   227
       Headbutt          |     8 |    25 |     7 ||    40
       Punch             |       |     1 |       ||     1
  Use: Potion            |       |       |     5 ||     5
 Stab: Sleeping          |     2 |       |       ||     2
       Distracted        |       |     1 |       ||     1
Armor: Robe              |     8 |       |       ||     8
       Chain mail        |     1 |     6 |       ||     7
       Ring mail         |       |    49 |    13 ||    62
Dodge: Dodged            |    39 |   114 |    31 ||   184
